 Dungeon Crawl Stone Soup version 0.21-a0-591-g2314aa1 (webtiles) character file.

30 mopl the Sneak (level 3, 0/24 HPs)
             Began as a Formicid Enchanter on Dec 22, 2017.
             Slain by a kobold
             ... wielding a +0 short sword
              (5 damage)
             ... on level 1 of the Dungeon.
             The game lasted 00:02:02 (707 turns).

mopl the Sneak (Formicid Enchanter)                  Turns: 707, Time: 00:02:03

Health: 0/24       AC:  2    Str: 12    XL:     3   Next: 35%
Magic:  1/6        EV: 12    Int: 14    God:
Gold:   16         SH:  0    Dex: 12    Spells: 1/7 levels left

rFire    . . .     SeeInvis +   a - +1 dagger
rCold    . . .     Gourm    .   (no shield)
rNeg     . . .     Faith    .   b - +0 robe
rPois    .         Spirit   .   (helmet unavailable)
rElec    .         Reflect  .   (no cloak)
rCorr    .         Harm     .   (no gloves)
MR       .....                  (no boots)
Stlth    ++........             (no amulet)
HPRegen  0.08/turn              (no ring)
MPRegen  0.10/turn              (no ring)

@: no status effects
A: permanent stasis, dig shafts and tunnels, four strong arms, antennae 3
a: Dig, Shaft Self


You were on level 1 of the Dungeon.
You were not hungry.

You visited 1 branch of the dungeon, and saw 1 of its levels.

You collected 16 gold pieces.

Inventory:

Hand Weapons
 a - a +1 dagger (weapon)
Missiles
 g - 12 poisoned needles
Armour
 b - a +0 robe (worn)
Jewellery
 e - an uncursed amulet of guardian spirit
Books
 c - a book of Maledictions

   Spells                             Type                      Level
   a - Corona                         Hexes                        1
   b - Ensorcelled Hibernation        Hexes/Ice                    2
   c - Confuse                        Hexes                        3
   d - Tukima's Dance                 Hexes                        3
   e - Dazzling Spray                 Conjuration/Hexes            3
Comestibles
 d - 2 rations
 f - a chunk of flesh


   Skills:
 + Level 1.6 Short Blades
 - Level 1.7 Dodging
 + Level 4.1 Stealth
 + Level 2.5 Spellcasting
 + Level 4.0 Hexes
 + Level 0.6 Ice Magic


You had one spell level left.
You knew the following spells:

 Your Spells              Type           Power        Failure   Level  Hunger
a - Corona                Hex            ##.....      4%          1    #......
b - Ensorcelled Hibernat  Hex/Ice        #.....       13%         2    ###....
c - Confuse               Hex            ##......     13%         3    ###....


Dungeon Overview and Level Annotations

Branches:
Dungeon (1/15)

Altars:


Innate Abilities, Weirdness & Mutations

You cannot be hasted, slowed, berserked, paralysed or teleported.
You can dig through walls and to a lower floor.
Your four strong arms can wield two-handed weapons with a shield.
You have a pair of large antennae on your head. (SInv)


Message History

The kobold closely misses you.
You barely miss the kobold. The kobold hits you with a short sword.
* * * LOW HITPOINT WARNING * * *
You hit the kobold.
The kobold is moderately wounded.
The kobold barely misses you.
You closely miss the kobold.
The kobold is moderately wounded.
The kobold misses you.
Casting: Ensorcelled Hibernation
Confirm with . or Enter, or press ? or * to list all spells.
Aiming: Corona
Press: ? - help, Shift-Dir - straight line, f/p - kobold
Aim: a kobold, wielding a short sword (moderately wounded, chance to defeat MR: 67%)
The kobold is outlined in light.
The kobold closely misses you.
Unknown command.
You barely miss the kobold.
The kobold is moderately wounded.
The kobold hits you with a short sword.
You die...

. #####.r....#
######.....####.#
#......##### #..#
#.###### #.##
####.# #.# #..r.#
##.# .r#### #r.#
### #K## #@# ##.#
#..# #.##
##.####### ###
#..#.....# ##.#
#.##.....# #..#
#### § #
#.##.....###..#
§§#.<#§≈§ §#
#.##.....#...##


You could see a kobold and a rat.

Vanquished Creatures
  A gnoll (D:1)
  A leopard gecko (D:1)
  A bat (D:1)
  2 goblins (D:1)
  3 hobgoblins (D:1)
  3 jackals (D:1)
  2 kobolds (D:1)
  4 frilled lizards (D:1)
  2 rats (D:1)
19 creatures vanquished.

Notes
Turn   | Place    | Note
-------+----------+-------------------------------------------
     0 | D:1      | mopl the Formicid Enchanter began the quest for the Orb.
     0 | D:1      | Reached XP level 1. HP: 13/13 MP: 3/3
   113 | D:1      | Reached XP level 2. HP: 10/19 MP: 5/5
   132 | D:1      | Learned a level 2 spell: Ensorcelled Hibernation
   588 | D:1      | Reached skill level 4 in Stealth
   588 | D:1      | Reached XP level 3. HP: 23/24 MP: 3/6
   593 | D:1      | Learned a level 3 spell: Confuse
   625 | D:1      | Reached skill level 4 in Hexes
   707 | D:1      | Slain by a kobold

Vault maps used:
D:1:      lightli_molten_gateway

Skill      XL: |  1  2  3 |
---------------+----------+-----
Stealth        | 4 |  4.1
Hexes          | 4 |  4.0
Short Blades   | |  1.6
Dodging        | |  1.7
Spellcasting   | |  2.5
Ice Magic      | |  0.6

Action                   || total
-------------------------++-------
Melee: Dagger            ||    78
 Cast: Corona            ||    10
       Ensorcelled Hiber ||    12
 Stab: Sleeping          ||     3
Armor: Robe              ||    10
Dodge: Dodged            ||    56

Table legend:
 A = Spawn XP
 B = Non-spawn XP
 C = Spawn XP percentage of total XP
 D = Spawn monster count
 E = Non-spawn monster count
 F = Spawn count percentage of total count
 G = Total turns spent on level
                    A         B        C        D         E        F      G
               +---------+---------+-------+---------+---------+-------+---------
         Total |       0 |      43 |   0.0 |       0 |      19 |   0.0 |   707
               +---------+---------+-------+---------+---------+-------+---------
           D:1 |       0 |      43 |   0.0 |       0 |      19 |   0.0 |   707
               +---------+---------+-------+---------+---------+-------+---------
